 Dungeon Crawl Stone Soup version 0.29.1-2-gbd0b4ee654 (webtiles) character file.

Game seed: 5706708991401400358

15927 quakins the Fighter (level 12, -3/132 HPs)
             Began as a Troll Transmuter on Oct 26, 2022.
             Was a High Priest of Okawaru.
             Killed by divine providence
             ... invoked by a meliai
              (10 damage)
             ... in a Gauntlet on Oct 27, 2022.
             The game lasted 00:25:53 (11389 turns).

quakins the Fighter (Troll Transmuter)             Turns: 11389, Time: 00:25:53

Health: -3/132     AC: 12    Str: 25    XL:     12   Next: 5%
Magic:  21/21      EV: 12    Int:  9    God:    Okawaru [*****.]
Gold:   853        SH: 10    Dex: 10    Spells: 12/13 levels left

rFire   . . .      SeeInvis .     - Unarmed
rCold   . . .      Faith    .   E - +0 kite shield
rNeg    . . .      Spirit   .   o - +1 robe {Will+}
rPois   .          Reflect  .   (helmet restricted)
rElec   .          Harm     .   S - +2 cloak {rCorr}
rCorr   +          Rampage  .   (gloves unavailable)
Will    +....      NoTele   +   (boots unavailable)
Stlth   +++.......              t - amulet of magic regeneration
HPRegen 1.12/turn               I - +4 ring of protection
MPRegen 0.57/turn               J - ring of magical power

@: heroic
A: large, unfitting armour, claws 3, regeneration 1, shaggy fur 1, tough skin 1
a: Renounce Religion, Heroism, Finesse, Duel


You were in a Gauntlet.
You worshipped Okawaru.
Okawaru was extremely pleased with you.
You visited 2 branches of the dungeon, and saw 13 of its levels.
You also visited: Ossuary and Gauntlet.

You collected 979 gold pieces.
You spent 126 gold pieces at shops.

Inventory:

Missiles
 d - 2 silver javelins
 u - 7 boomerangs of dispersal
 v - 35 poisoned darts
 O - 4 large rocks (quivered)
Armour
 o - a +1 robe of willpower (worn)
 E - a +0 kite shield (worn)
 R - a +0 troll leather armour
 S - a +2 cloak of preservation (worn)
Jewellery
 t - an amulet of magic regeneration (around neck)
 I - a +4 ring of protection (left claw)
 J - a ring of magical power (right claw)
 M - a ring of protection from cold
Wands
 b - a wand of iceblast (8)
 s - a wand of flame (7)
 y - a wand of digging (3)
 K - a wand of light (3)
Scrolls
 g - 4 scrolls of teleportation
 h - 3 scrolls of butterflies
 i - 3 scrolls of magic mapping
 j - 2 scrolls of torment
 l - a scroll of brand weapon
 m - a scroll of poison
 r - 2 scrolls of blinking
 w - 5 scrolls of vulnerability
 z - 5 scrolls of noise
 A - 2 scrolls of fear
 D - 4 scrolls of identify
 F - 2 scrolls of immolation
 G - a scroll of amnesia
 H - 2 scrolls of enchant weapon
 P - a scroll of acquirement {unknown}
 Q - a scroll of silence {unknown}
Potions
 a - 3 potions of lignification
 c - a potion of flight
 e - 3 potions of attraction
 f - 7 potions of curing
 k - 7 potions of degeneration
 n - a potion of haste {unknown}
 p - 2 potions of might
 q - 3 potions of heal wounds
 x - a potion of magic
 B - 2 potions of berserk rage
 C - 3 potions of cancellation
 N - a potion of mutation {unknown}
Miscellaneous
 L - a phantom mirror


   Skills:
 - Level 12.0(17.0) Fighting
 + Level 6.7(11.7) Dodging
 - Level 6.0(11.0) Shields
 - Level 10.0(15.0) Unarmed Combat
 - Level 1.2 Spellcasting
 - Level 1.3 Transmutations


You had 12 spell levels left.
You knew the following spells:

 Your Spells              Type           Power      Damage    Failure   Level
a - Beastly Appendage     Tmut           6%         N/A       36%         1

Your spell library contained the following spells:

 Spells                   Type           Power      Damage    Failure   Level
 Wereblood                Tmut           3%         N/A       50%         2
 Slow                     Hex            0%         N/A       54%         1
 Poisonous Vapours        Pois/Air       0%         N/A       69%         2
 Spider Form              Tmut/Pois      1%         N/A       82%         3
 Confusing Touch          Hex            0%         N/A       89%         3
 Gell's Gravitas          Tloc           0%         N/A       89%         3
 Lesser Beckoning         Tloc           0%         N/A       89%         3
 Teleport Other           Tloc           0%         N/A       89%         3
 Vampiric Draining        Necr           0%         2d6       89%         3
 Ice Form                 Ice/Tmut       1%         N/A       99%         4
 Corpse Rot               Necr/Pois/Air  0%         N/A       100%        4
 Hailstorm                Conj/Ice       0%         3d3       100%        4
 Leda's Liquefaction      Hex/Erth       0%         N/A       100%        4
 Lee's Rapid Deconstruct  Erth           0%         3d5*      100%        5
 Statue Form              Tmut/Erth      0%         N/A       100%        6
 Simulacrum               Ice/Necr       Unusable   N/A       N/A         6

Dungeon Overview and Level Annotations

Branches:
Dungeon (12/15)            Temple (0/1) D:6            Lair (1/5) D:10
    Orc (0/2) D:9         Ossuary (visited)         Gauntlet (1/1)

Altars:
Elyvilon
Makhleb
Okawaru
Qazlal
Trog
Wu Jian
Zin

Shops:
D:6 *:*?   D:11 :

Annotations:
D:5 2 transporters, fireball365's ghost, novice MiFi Gauntlet 6 transporters


Innate Abilities, Weirdness & Mutations

You are too large for most types of armour.
You have claws for hands.
Your natural rate of healing is unusually fast.
You are covered in fur. (AC +1)
You have tough skin. (AC +1)


Message History

The meliai calls down the wrath of its god upon you.
Something smites you! The meliai closely misses you.
You block the meliai's attack. The meliai hits you with a +0 hand axe.
The meliai misses you.
You miss the meliai.
The meliai is lightly wounded.
You block the meliai's attack. The meliai barely misses you.
The meliai hits you but does no damage.
The meliai stings you but does no damage.
You completely miss the meliai.
The meliai is lightly wounded.
A nearby fungus withers and dies.
The meliai barely misses you. The meliai completely misses you.
The meliai mumbles some strange prayers to its god against you.
Something smites you! The meliai hits you but does no damage.
The meliai stings you but does no damage.
The meliai mumbles some strange prayers to its god against you.
Something smites you!
You claw the meliai!
The meliai is severely wounded.
The meliai calls down the wrath of its god upon you.
Something smites you!
* * * LOW HITPOINT WARNING * * *
You block the meliai's attack. The meliai closely misses you.
You fail to use your ability.
The meliai hits you with a +0 war axe!
* * * LOW HITPOINT WARNING * * *
The meliai stings you!
* * * LOW HITPOINT WARNING * * *
The meliai hits you but does no damage. You block the meliai's attack.
The meliai completely misses you.
The meliai stings you but does no damage.
You block the meliai's attack. The meliai barely misses you.
You closely miss the meliai.
The meliai is severely wounded.
The meliai hits you with a +0 war axe!
* * * LOW HITPOINT WARNING * * *
The meliai closely misses you. You block the meliai's attack. x2
The meliai calls down the wrath of its god upon you.
Something smites you!
You die...

#..##..W#..#...(©.(..#..##
#...##..#..###########§§≈#
#.?WW##.#......#©#....§§##
#########......#©#.....§≈
...#©#.....###########..##
...#©#.....#.........#..
#########..#.^.....P^#..
#...3.32#..#..#y)y#P.#..
#.##..#.#..#....@....#.. #
#©...#..#....©....#..
..###.#..#^.PP^.^..#..
...###.#..#..#...#..#..
...###.#..#^......^^#..
..#..!.©[!..#..
..###########..
∩..............
........§.§.§


You could see 2 meliai.

Vanquished Creatures
  Snorg (D:10)
  A boulder beetle (D:12)
  3 two-headed ogres
  Sonja (D:11)
  Lodul (D:10)
  A cyclops (D:11)
  A manticore (D:12)
  Joseph (D:10)
  A worldbinder (Gauntlet)
  A cane toad (Lair:1)
  A gargoyle (D:11)
  An unseen horror (D:11)
  A komodo dragon (Lair:1)
  The ghost of Rudyous the Trooper, an amateur MiFi (D:4)
  A meliai (Gauntlet)
  3 trolls
  2 hornets
  A ynoxinul (Gauntlet)
  4 wyverns
  2 steam dragons (D:6)
  2 vampire mosquitoes (D:11)
  Menkaure (D:7)
  Edmund (D:4)
  7 water moccasins
  4 orc warriors
  A sky beast (D:8)
  2 ice beasts (D:7)
  2 black bears
  3 centaurs
  9 ogres
  2 boggarts (Gauntlet)
  A phantom (D:6)
  2 kobold brigands
  4 bullfrogs
  A wyvern zombie (Ossuary)
  A necrophage (D:4)
  A water moccasin zombie (Ossuary)
  4 scorpions
  9 wights
  21 killer bees
  A howler monkey (D:6)
  A centaur zombie (Ossuary)
  8 bullfrog zombies (Ossuary)
  A jelly (D:6)
  3 hounds
  2 orc priests
  2 iron imps (Gauntlet)
  16 mummies (Ossuary)
  Jessica (D:2)
  2 orc wizards
  Natasha (thrice) (D:3)
  5 iguanas
  Terence (D:2)
  3 killer bee zombies (Ossuary)
  2 howler monkey zombies (Ossuary)
  3 gnolls
  5 adders
  2 river rats (D:4)
  A shadow imp (D:5)
  2 white imps
  2 ufetubi
  4 worms
  3 dart slugs
  32 orcs
  8 endoplasms
  6 giant cockroaches
  4 goblins
  9 hobgoblins
  4 jackals
  12 kobolds
  7 quokkas
  8 ball pythons
  10 bats
  8 frilled lizards
  4 rats
292 creatures vanquished.

Vanquished Creatures (others)
  9 fungi
  22 plants
  7 withered plants (Ossuary)
38 creatures vanquished.

Grand Total: 330 creatures vanquished

Notes
Turn   | Place    | Note
-------+----------+-------------------------------------------
     0 | D:1      | quakins the Troll Transmuter began the quest for the Orb.
     0 | D:1      | Reached XP level 1. HP: 18/18 MP: 1/1
   120 | D:1      | Reached XP level 2. HP: 20/26 MP: 2/2
   199 | D:1      | Found a faded altar of an unknown god.
   223 | D:1      | You fall into a shaft and drop 1 floor!
   536 | D:1      | Reached XP level 3. HP: 27/32 MP: 3/3
  1090 | D:2      | Noticed Terence
  1095 | D:2      | Killed Terence
  1157 | D:2      | Reached XP level 4. HP: 40/40 MP: 4/4
  1162 | D:2      | Reached skill level 5 in Unarmed Combat
  1334 | D:2      | Noticed Jessica
  1339 | D:2      | Killed Jessica
  1431 | D:2      | Reached XP level 5. HP: 46/46 MP: 5/5
  2204 | D:3      | Noticed Natasha
  2214 | D:3      | Killed Natasha
  2391 | D:3      | Noticed Natasha
  2395 | D:3      | Killed Natasha
  2551 | D:3      | Noticed Natasha
  2559 | D:3      | Killed Natasha
  2779 | D:4      | Noticed a water moccasin
  2786 | D:3      | Killed a water moccasin
  2787 | D:3      | Reached XP level 6. HP: 33/54 MP: 6/6
  2965 | D:4      | Noticed Edmund
  2979 | D:4      | Killed Edmund
  2998 | D:4      | Reached XP level 7. HP: 36/61 MP: 7/7
  3209 | D:4      | Found a runed translucent door.
  3210 | D:4      | Noticed Rudyous's ghost (amateur MiFi)
  3484 | D:4      | Found a runed translucent door.
  3501 | D:4      | Killed Rudyous's ghost
  3576 | D:5      | Entered Level 5 of the Dungeon
  3610 | D:5      | Reached XP level 8. HP: 68/68 MP: 8/8
  3651 | D:5      | Reached skill level 10 in Unarmed Combat
  3659 | D:5      | Reached skill level 1 in Fighting
  3685 | D:5      | Reached skill level 2 in Fighting
  3783 | D:5      | Reached skill level 3 in Fighting
  3889 | D:5      | Found a transporter.
  3891 | D:5      | Found a transporter.
  3892 | D:5      | Noticed fireball365's ghost (novice MiFi)
  3933 | D:5      | Noticed a hornet
  4282 | D:6      | Found Faerocwi's Magic Scroll Emporium.
  4288 | D:6      | Bought a scroll of identify for 28 gold pieces
  4288 | D:6      | Bought a scroll of identify for 28 gold pieces
  4288 | D:6      | Bought a scroll of noise for 14 gold pieces
  4288 | D:6      | Bought a scroll of fear for 56 gold pieces
  4394 | D:6      | Reached skill level 4 in Fighting
  4455 | D:6      | Identified the +3 short sword of Woinet {antimagic, Int+4
                  | Stlth-}
  4460 | D:6      | Found an iron altar of Okawaru.
  4489 | D:6      | Found Aqetuses's Book Shoppe.
  4525 | D:6      | Became a worshipper of Warmaster Okawaru
  4573 | D:6      | Found a bloodstained altar of Trog.
  4577 | D:6      | Reached skill level 5 in Fighting
  4577 | D:6      | Found a burning altar of Makhleb.
  4624 | D:6      | Found Escha's Assorted Antiques.
  4642 | D:6      | Found Jyockik's Assorted Antiques.
  4811 | D:6      | Found a staircase to the Ecumenical Temple.
  4988 | D:6      | Reached XP level 9. HP: 65/87 MP: 9/9
  4992 | D:6      | Reached skill level 6 in Fighting
  5154 | D:6      | Reached * piety under Okawaru
  5372 | D:7      | Reached skill level 7 in Fighting
  5481 | D:7      | Found an ornate altar of the Wu Jian Council.
  5715 | D:7      | Reached skill level 8 in Fighting
  5749 | D:7      | Noticed Menkaure
  5759 | D:7      | Killed Menkaure
  6073 | D:7      | Reached ** piety under Okawaru
  6201 | D:8      | Reached skill level 9 in Fighting
  6273 | D:8      | Reached XP level 10. HP: 107/107 MP: 10/10
  6281 | D:8      | Found a sand-covered staircase.
  6293 | Ossuary  | Entered an ossuary
  6385 | Ossuary  | Reached *** piety under Okawaru
  6531 | Ossuary  | Reached skill level 10 in Fighting
  6710 | D:8      | Found a stormy altar of Qazlal.
  7659 | D:9      | Noticed a two-headed ogre
  7659 | D:9      | Found a staircase to the Orcish Mines.
  7666 | D:8      | Killed a two-headed ogre
  7925 | D:9      | Found a glowing silver altar of Zin.
  7961 | D:9      | Reached **** piety under Okawaru
  7964 | D:9      | Reached skill level 11 in Fighting
  8263 | D:9      | Found a white marble altar of Elyvilon.
  8585 | D:9      | Paralysed by a hornet for 3 turns
  8711 | D:10     | Entered Level 10 of the Dungeon
  8734 | D:10     | Noticed Joseph
  8870 | D:10     | Noticed Lodul
  8979 | D:10     | Noticed Snorg
  8987 | D:10     | Killed Snorg
  8988 | D:10     | Reached skill level 12 in Fighting
  8988 | D:10     | Reached XP level 11. HP: 123/123 MP: 11/11
  9116 | D:10     | Killed Joseph
  9387 | D:10     | Killed Lodul
  9440 | D:10     | Found a staircase to the Lair.
  9600 | D:10     | Reached ***** piety under Okawaru
  9716 | D:11     | Found Geymm's Self-Improvement Boutique.
  9743 | D:11     | Noticed a two-headed ogre
  9750 | D:11     | Killed a two-headed ogre
  9751 | D:11     | Reached skill level 5 in Dodging
 10116 | D:11     | Noticed Sonja
 10124 | D:11     | Killed Sonja
 10304 | D:11     | Noticed a two-headed ogre
 10312 | D:11     | Killed a two-headed ogre
 10312 | D:11     | Received a gift from Okawaru
 10745 | D:12     | Noticed a boulder beetle
 10754 | D:12     | Killed a boulder beetle
 10755 | D:12     | Reached skill level 5 in Shields
 11019 | D:12     | Noticed a skeletal warrior
 11019 | D:12     | Noticed a skeletal warrior
 11020 | D:12     | Noticed a skeletal warrior
 11020 | D:12     | Noticed a skeletal warrior
 11053 | Lair:1   | Entered Level 1 of the Lair of Beasts
 11209 | Lair:1   | Found a gate leading to a gauntlet.
 11218 | Gauntlet | Entered a Gauntlet
 11218 | Gauntlet | Found a transporter.
 11218 | Gauntlet | Found a transporter.
 11218 | Gauntlet | Found a transporter.
 11219 | Gauntlet | Found a transporter.
 11220 | Gauntlet | Found a transporter.
 11223 | Gauntlet | Found a transporter.
 11236 | Gauntlet | Found a transporter.
 11237 | Gauntlet | Found a transporter.
 11239 | Gauntlet | Found a transporter.
 11250 | Gauntlet | Noticed a cacodemon
 11252 | Gauntlet | Found a transporter.
 11351 | Gauntlet | Reached XP level 12. HP: 132/132 MP: 12/12
 11381 | Gauntlet | Found a transporter.
 11389 | Gauntlet | Killed from afar by a meliai

Illustrated notes

Levels and vault maps discovered:
D:1:      psy_arrival_fountain, layout_loops_corners,
          dreamdust_ecumenical_altar_grove
D:2:      layout_basic, uniq_terence, uniq_jessica
D:3:      layout_basic, uniq_natasha
D:4:      layout_rooms, ebering_ghost_sewer_f, uniq_edmund
D:5:      layout_rooms, gammafunk_ghost_hive, hangedman_decor_push,
          roderic_lattice_a, kennysheep_path_1
D:6:      layout_basic, overflow_temple_1_default, jmf_multi_god_temple,
          minmay_temple_entry_antechambers, serial_shops, shop_scrolls,
          nicolae_shop_waterfront, shop, kennysheep_mini_moat
D:7:      layout_basic, mainiacjoe_overflow_brackets, serial_curves,
          eino_curves_01, eino_curves_03, uniq_menkaure
D:8:      layout_basic, lemuel_doored_altar,
          lightli_ossuary_entry_decrepit_ruins, lightli_orcish_oven
D:9:      layout_roguey, nicolae_elyvilon_temple_path, marbit_many_paths,
          david_orc_2
D:10:     layout_gridville, lair_entry_dummy, uniq_joseph, uniq_lodul,
          uniq_snorg
D:11:     layout_stronghold, nicolae_shop_self_help, uniq_sonja
D:12:     minmay_blocking_statues, layout_cave_pools, grunt_ministairs_10
Lair:1:   beast_lair_carwin_large_1, layout_cave_pods, gauntlet_entry_generic,
          st_stairs_6
Gauntlet: minmay_gauntlet_mixed_big_or_small [nicolae_gauntlet_arena_grate_2,
          minmay_gauntlet_arena_77_braids, gammafunk_gauntlet_arena_teeth,
          minmay_gauntlet_arena_77_two_lines, gammafunk_gauntlet_arena_hedges,
          minmay_gauntlet_arena_77_block_sizes, gauntlet_exit_hidden_loot]

Skill      XL: |  1  2  3  4  5  6  7  8  9 10 11 |
---------------+----------------------------------+-----
Unarmed Combat | 4 5 7 8 9 10 | 10.0
Fighting       | 5 9 12 | 12.0
Dodging        | 2 6 |  6.7
Shields        | 6 |  6.0
Spellcasting   | |  1.2
Transmutations | |  1.3

Action                   |  1- 3 |  4- 6 |  7- 9 | 10-12 || total
-------------------------+-------+-------+-------+-------++-------
Melee: Unarmed           |    89 |   143 |   279 |   383 ||   894
       Punch             |     3 |     5 |     8 |    15 ||    31
Throw: Javelin           |       |       |       |     1 ||     1
       Large rock        |       |       |       |     1 ||     1
Invok: Heroism           |       |       |       |    13 ||    13
       Finesse           |       |       |       |     1 ||     1
Evoke: Wand              |       |     2 |     6 |    10 ||    18
  Use: Scroll            |       |     3 |    12 |     7 ||    22
       Potion            |       |     1 |     1 |     2 ||     4
 Stab: Sleeping          |     1 |       |       |       ||     1
       Invisible         |       |       |       |     1 ||     1
Armor: Robe              |    54 |    59 |   100 |   150 ||   363
       Skin              |       |     5 |     6 |       ||    11
Dodge: Dodged            |    41 |    55 |    91 |   216 ||   403
Block: Kite shield       |       |       |       |    22 ||    22
